 Dungeon Crawl Stone Soup version 0.32-a0-612-g1c984fe9d1 (webtiles) character file.

Game seed: 12326174652006110791

39 dolemite99 the Chopper (level 3, -2/27 HPs)
             Began as a Coglin Reaver on Mar 5, 2024.
             Slain by a gnoll
             ... wielding a +0 halberd
              (7 damage)
             ... on level 2 of the Dungeon.
             The game lasted 00:01:15 (1302 turns).

dolemite99 the Chopper (Coglin Reaver)              Turns: 1302, Time: 00:01:15

Health: -2/27      AC:  6    Str: 14    XL:     3   Next: 45%
Magic:  5/5        EV:  9    Int: 12    God:
Gold:   51         SH:  0    Dex: 12    Spells: 4/5 levels left

rFire   . . .        a - +0 hand axe {Navbir}
rCold   . . .        o - +0 trident {Kanlaya}
rNeg    . . .        d - +0 scale mail
rPois   .            (no helmet)
rElec   .            (no cloak)
rCorr   .            (no gloves)
SInv    .            (no boots)
Will    .....        (amulet unavailable) Stlth
                     (ring unavailable)
HPRegen 0.24/turn    (ring unavailable)
MPRegen 0.09/turn    (no gizmo)

%: no passive effects
@: weak-willed
A: off-hand wielding, slow wielding, warmup strikes, no jewellery
a: Invent Gizmo


You were on level 2 of the Dungeon.
You visited 1 branch of the dungeon, and saw 2 of its levels.

You collected 51 gold pieces.

Inventory:

Hand Weapons
 a - a +0 hand axe (weapon) {Navbir}
 c - a +0 dagger {Marzena}
 k - a +0 spear {Haoran}
 m - a +0 mace {Cyneburga}
 o - a +0 trident (offhand) {Kanlaya}
Missiles
 j - 5 javelins
Armour
 b - a +0 leather armour
 d - a +0 scale mail (worn)
Magical Staves
 f - a staff of air
Scrolls
 e - 2 scrolls of teleportation {unknown}
 g - 2 scrolls of identify {unknown}
 n - a scroll of blinking {unknown}
Potions
 i - a potion of haste {unknown}


   Skills:
 - Level 2.0 Fighting
 + Level 4.4 Axes
 - Level 1.7 Dodging
 - Level 1.7 Spellcasting
 - Level 2.6 Conjurations


You had 4 spell levels left.
You knew the following spells:

 Your Spells              Type           Power      Damage    Failure   Level
a - Kiss of Death         Conj/Necr      16%        2d6       58%         1

Your spell library contained the following spells:

 Spells                   Type           Power      Damage    Failure   Level
 Momentum Strike          Conj/Tloc      8%         3d8       73%         2
 Hailstorm                Conj/Ice       4%         3d5       91%         3


Dungeon Overview and Level Annotations

Branches:
Dungeon (2/15)

Altars:


Innate Abilities, Weirdness & Mutations

You can wield a second weapon in your off-hand.
It takes a long time for you to wield or remove held weapons.
Your first few attacks do less damage.
You cannot equip rings or amulets.


Message History

o - a +0 trident You're wielding all the weapons you can.
Replace which one? (? for menu, Esc to cancel) < or
a - a +0 hand axe {Navbir}; > or
m - a +0 mace {Cyneburga} You hit the rat with your +0 mace.
You kill the rat!
You see here a rat corpse.
You're wielding all the weapons you can.
Replace which one? (? for menu, Esc to cancel) < or
a - a +0 hand axe {Navbir}; > or
m - a +0 mace {Cyneburga} You start parting from your weapon.
You continue parting from your +0 mace {Cyneburga}. x4
You whisper farewell to Cyneburga.
You finish parting from your +0 mace {Cyneburga}.
You start attuning to your weapon.
You continue attuning to your +0 trident. x5
You finish attuning to your +0 trident.
You welcome your +0 trident "Kanlaya" into your grasp. 2 gnolls come into view.
Found a serpent talisman.
The gnoll shouts! x2
Found a glowing silvery potion.
A gnoll comes into view. It is wielding a +0 flail.
The gnoll hits you from afar with a +0 halberd!
The gnoll shouts!
There are monsters nearby!
You are too injured to fight recklessly!
There are monsters nearby!
You are too injured to fight recklessly!
You are too injured to fight recklessly!
As you read the scroll labelled SONLY FUETHRETE, it crumbles to dust.
A wave of despondency washes over your surroundings.
It was a scroll of vulnerability.
The gnoll hits you from afar with a +0 halberd!
* * * LOW HITPOINT WARNING * * *
As you read the scroll labelled ICROIXAURE, it crumbles to dust.
It is a scroll of amnesia.
Okay, then.
The gnoll hits you from afar with a +0 halberd!
You die...

### ##...## ##
#..#..#######..
##.###....... .#
#........... .#
#.@...#...####.###.
#....g.#..........#.....
#.##%g!##...............
#### #.........##.#.#
##..#...##.## >.
#...#..†##..#####
#.####..###.....# #.#
#### #####.# #.# #####.#


You could see 2 gnolls.

Vanquished Creatures
  2 adders (D:2)
  A dart slug (D:1)
  4 endoplasms (D:1)
  2 giant cockroaches (D:1)
  A hobgoblin (D:1)
  A quokka (D:1)
  A bat (D:1)
  2 frilled lizards (D:1)
  2 kobolds (D:1)
  5 rats
21 creatures vanquished.

Notes
Turn   | Place    | Note
-------+----------+-------------------------------------------
     0 | D:1      | dolemite99 the Coglin Reaver began the quest for the Orb.
     0 | D:1      | Reached XP level 1. HP: 16/16 MP: 3/3
   189 | D:1      | Reached XP level 2. HP: 18/22 MP: 4/4
  1082 | D:1      | Reached skill level 4 in Axes
  1245 | D:2      | Reached XP level 3. HP: 27/27 MP: 5/5
  1302 | D:2      | Slain by a gnoll

Illustrated notes

Levels and vault maps discovered:
D:1:      amcnicky_arrival_choice, layout_loops_ring
D:2:      layout_loops_ring, hellmonk_ecumenical_altar_dog_temple,
          serial_co_window_serial, co_window_paths_a, co_window_cross_1,
          co_window_paths_b, co_window_corner_a, co_window_paths_b,
          co_window_paths_b, co_window_of_opportunity_a, co_window_broadway_a,
          co_window_of_opportunity_b, co_window_paths_c, co_window_cross_2,
          co_window_broadway_b, co_window_4corner_a, glass_columns_a,
          uniq_sigmund

Skill      XL: |  1  2 |
---------------+-------+-----
Axes           | 4 |  4.4
Fighting       | |  2.0
Dodging        | |  1.7
Spellcasting   | |  1.7
Conjurations   | |  2.6

Action                     || total
---------------------------++-------
  Melee: Hand axe          ||    41
         Dagger            ||    27
         Spear             ||     7
         Mace              ||     7
    Use: Scroll            ||     2
 Armour: Scale mail        ||    34
  Dodge: Dodged            ||    15

Table legend: (Time is in decaauts)
 A = Elapsed time spent in this place.
 B = Non-inter-level travel time spent in this place.
 C = Inter-level travel time spent in this place.
 D = Time resting spent in this place.
 E = Time spent auto-exploring this place.
 F = Levels seen in this place.
 G = Mean time per level.
                   A        B        C        D        E       F      G
               +--------+--------+--------+--------+--------+-----+--------+
         Total |   1305 |   1267 |     38 |    371 |    638 |   2 |  652.5 |
       Dungeon |   1305 |   1267 |     38 |    371 |    638 |   2 |  652.5 |
               +--------+--------+--------+--------+--------+-----+--------+

Top non-repeatable levels by time:
     D:1: 1228 daAuts
     D:2: 76 daAuts
